 Dungeon Crawl Stone Soup version 0.28.0 (webtiles) character file.

Game seed: 16701703747689372311

271 Illumine the Sneak (level 6, -1/43 HPs)
             Began as a Vampire Artificer on Feb 12, 2022.
             Was an Initiate of Dithmenos.
             Slain by Grinder (3 damage)
             ... while paralysed by Grinder
             ... on level 3 of the Dungeon.
             The game lasted 00:13:59 (4312 turns).

Illumine the Sneak (Vampire Artificer)              Turns: 4312, Time: 00:13:59

Health: -1/43      AC:  3    Str: 13    XL:     6   Next: 2%
Magic:  9/9        EV:  2    Int: 14    God:    Dithmenos [......]
Gold:   147        SH:  0    Dex: 14    Spells: 7/9 levels left

rFire   . . .      SeeInvis +   j - +0 dagger
rCold   . . .      Faith    .   (no shield)
rNeg    . . .      Spirit   .   b - +0 leather armour
rPois   .          Reflect  .   (no helmet)
rElec   .          Harm     .   (no cloak)
rCorr   .          Rampage  .   (no gloves)
Will    .....                   (no boots)
Stlth   +++.......              (no amulet)
HPRegen 0.34/turn               (no ring)
MPRegen 0.11/turn               (no ring)

@: paralysed, flying, healing quickly, invisible
A: alive, fangs 3, see invisible, vampiric 2
a: Exsanguinate, Renounce Religion


You were on level 3 of the Dungeon.
You worshipped Dithmenos.
Dithmenos was noncommittal.
You visited 2 branches of the dungeon, and saw 6 of its levels.

You collected 163 gold pieces.
You spent 16 gold pieces at shops.

Inventory:

Hand Weapons
 a - a +0 club
 h - a +0 short sword
 j - a +0 dagger (weapon)
 y - a +0 hunting sling
Missiles
 t - 2 atropa-tipped darts
 v - 29 stones (quivered)
Armour
 b - a +0 leather armour (worn)
Wands
 c - a wand of polymorph (10)
 d - a wand of charming (7)
Scrolls
 g - 2 scrolls of identify {unknown}
 m - 3 scrolls of teleportation {unknown}
 n - a scroll of enchant armour {unknown}
 p - 2 scrolls of blinking {unknown}
 q - a scroll of fog {unknown}
 r - 3 scrolls of acquirement {unknown}
 w - a scroll of fear {unknown}
 x - a scroll of torment {unknown}
 B - a scroll of brand weapon {unknown}
Potions
 i - 3 potions of flight
 k - 4 potions of curing
 l - a potion of attraction {unknown}
 o - a potion of heal wounds {unknown}
 s - 2 potions of cancellation {unknown}
 u - 2 potions of brilliance {unknown}
 z - a potion of lignification {unknown}
 A - a potion of ambrosia {unknown}
Miscellaneous
 e - a piece from Xom's chessboard (13/15)


   Skills:
 - Level 1.1 Fighting
 + Level 2.8 Short Blades
 - Level 0.9 Maces & Flails
 - Level 0.7 Armour
 - Level 2.1 Dodging
 + Level 4.6 Stealth
 - Level 2.0 Spellcasting
 + Level 3.3 Hexes
 + Level 0.9 Ice Magic
 - Level 3.0 Evocations


You had 7 spell levels left.
You knew the following spells:

 Your Spells              Type           Power      Damage    Failure   Level
a - Ensorcelled Hibernat  Hex/Ice        14%        N/A       19%         2

Your spell library contained the following spells:

 Spells                   Type           Power      Damage    Failure   Level
 Passwall                 Tmut/Erth      0%         N/A       41%         2
 Static Discharge         Conj/Air       1%         N/A       41%         2
 Gell's Gravitas          Tloc           1%         N/A       65%         3
 Swiftness                Air            1%         N/A       65%         3
 Teleport Other           Tloc           1%         N/A       65%         3
 Lightning Bolt           Conj/Air       0%         1d11      100%        5
 Dispersal                Tloc           0%         N/A       100%        6
 Maxwell's Capacitive Co  Air            0%         ∞         100%        8


Dungeon Overview and Level Annotations

Branches:
Dungeon (5/15)             Temple (1/1) D:4

Altars:
Ashenzari
Dithmenos
Elyvilon
Hepliaklqana
Makhleb
Qazlal
Trog
Uskayaw
Vehumet
Wu Jian
Xom

Shops:
D:4 *   D:5 (

Annotations:
D:3 Grinder, Ijyb, Terence


Innate Abilities, Weirdness & Mutations

Your natural rate of healing is accelerated.
You have razor-sharp teeth.
You have supernaturally acute eyesight. (SInv)
You are afflicted with vampirism and can become a bat while bloodless.


Message History

You hit Grinder but do no damage.
Grinder is lightly wounded.
The quokka zombie bites you but does no damage.
Grinder closely misses you.
You closely miss Grinder.
Grinder is lightly wounded.
The quokka zombie closely misses you.
You hit Grinder.
Grinder is moderately wounded.
Grinder hits you.
You writhe in agony.
You hit the quokka zombie.
You destroy the quokka zombie!
Dithmenos accepts your kill. Grinder hits you.
* * * LOW HITPOINT WARNING * * *
You writhe in agony.
* * * LOW HITPOINT WARNING * * *
You make a move on Xom's chessboard...
Ijyb struggles to resist.
Grinder barely misses you.
You make a move on Xom's chessboard...
Grinder is outlined in light.
Grinder hits you!
* * * LOW HITPOINT WARNING * * *
You writhe in agony.
* * * LOW HITPOINT WARNING * * *
Unknown command.
You fade into invisibility!
Grinder barely misses you.
It was a potion of flight.
You feel very buoyant.
You fly up into the air.
Grinder misses you.
It was a potion of curing.
You feel better.
Ijyb is no longer paralysed.
Ijyb barely misses you. Grinder gestures at you.
You suddenly lose the ability to move!
Ijyb hits you with a +0 dagger.
* * * LOW HITPOINT WARNING * * *
Grinder hits you!
* * * LOW HITPOINT WARNING * * *
You writhe in agony.
You die...

#.##...##............
#.......#............
##........#.....#.....
##..........##...##..... ... #..
#.........##..)..... ..S #.#
#......#.(....###### ...
##.###......#...#..###### .S#
#....†(.................# .5#
#..###..@......_..>.....# .g#
#.###...g5...........#..# ..#
#..##.................... P.#
#...#...(................
..#######g.....(.................
≈..S5g..S........................
.....Z.......................#...
P...........##..............##...
..##...#...####.....##.....## ..


You could see Grinder (corona) and Ijyb.

Vanquished Creatures
  A scorpion (D:4)
  A centaur skeleton (D:5)
  6 adders
  A shadow imp (D:5)
  An adder zombie (D:3)
  A worm (D:2)
  8 orcs
  12 bats
  4 endoplasms
  5 giant cockroaches
  11 goblins
  6 hobgoblins
  7 jackals
  6 kobolds
  4 quokkas
  7 ball pythons
  2 frilled lizards (D:2)
  A quokka zombie (D:3)
  6 rats
90 creatures vanquished.

Vanquished Creatures (collateral kills)
  An adder (D:3)
  An orc (D:4)
  A ball python (D:3)
  An endoplasm (D:4)
  A giant cockroach (D:3)
  2 hobgoblins (D:3)
  A quokka (D:4)
8 creatures vanquished.

Vanquished Creatures (others)
  A goblin (D:2)
  A plant (D:1)
  3 withered plants (D:3)
5 creatures vanquished.

Grand Total: 103 creatures vanquished

Notes
Turn   | Place    | Note
-------+----------+-------------------------------------------
     0 | D:1      | Illumine the Vampire Artificer began the quest for the Orb.
     0 | D:1      | Reached XP level 1. HP: 14/14 MP: 1/1
    52 | D:1      | Reached skill level 1 in Fighting
    60 | D:1      | Reached skill level 2 in Stealth
    70 | D:1      | Reached XP level 2. HP: 4/21 MP: 2/2
   652 | D:1      | Reached skill level 1 in Short Blades
   700 | D:1      | Gained mutation: You are afflicted with vampirism and can
                  | become a bat while bloodless. [Vampire growth]
   700 | D:1      | Reached XP level 3. HP: 26/26 MP: 3/3
   778 | D:1      | Learned a level 2 spell: Ensorcelled Hibernation
   995 | D:1      | Found a faded altar of an unknown god.
  1498 | D:2      | Reached skill level 1 in Hexes
  1566 | D:2      | Reached skill level 3 in Stealth
  1780 | D:2      | Reached XP level 4. HP: 27/32 MP: 5/5
  1806 | D:2      | Reached skill level 1 in Spellcasting
  2170 | D:3      | Noticed a necrophage
  2180 | D:3      | Noticed Terence
  2517 | D:4      | Found Deeseox's General Store.
  2526 | D:4      | Bought 2 atropa-tipped darts for 16 gold pieces
  2532 | D:4      | Noticed a scorpion
  2544 | D:4      | Noticed a +0 hand axe
  2545 | D:4      | Found a hide-covered altar of Uskayaw.
  2545 | D:4      | Noticed a +0 dagger
  2708 | D:4      | Found a staircase to the Ecumenical Temple.
  2717 | Temple   | Entered the Ecumenical Temple
  2774 | Temple   | Became a worshipper of Dithmenos the Shadowed
  3081 | D:4      | Killed a scorpion
  3082 | D:4      | Reached skill level 4 in Stealth
  3082 | D:4      | Reached XP level 5. HP: 37/37 MP: 4/7
  3167 | D:3      | Found a burning altar of Makhleb.
  3368 | D:5      | Entered Level 5 of the Dungeon
  3725 | D:5      | Found Suwk's Weapon Shop.
  4243 | D:3      | Noticed Ijyb
  4249 | D:3      | Noticed Grinder
  4283 | D:3      | Reached XP level 6. HP: 43/43 MP: 9/9
  4284 | D:3      | Paralysed by Grinder for 7 turns
  4308 | D:3      | HP: 2/43 [Grinder (8)]
  4311 | D:3      | Paralysed by Grinder for 7 turns
  4312 | D:3      | Slain by Grinder

Illustrated notes

Levels and vault maps discovered:
D:1:      amcnicky_arrival_single_pillar, layout_loops_corners,
          shapermc_ecumenical_altar_petra, serial_bayou, serial_bayou_lake_a,
          serial_bayou_pond_d, serial_bayou_shore_a, serial_bayou_shore_b,
          serial_bayou_pond_a, serial_bayou_pond_d, serial_bayou_crossing
D:2:      layout_rooms
D:3:      layout_rooms, bloody_makhleb, mainiacjoe_overflow_alcove_2,
          cheibrodos_worm_habitat, serial_undead, serial_undead_b,
          serial_undead_f, serial_undead_f, serial_undead_b, uniq_terence,
          uniq_ijyb, uniq_robin, uniq_grinder
D:4:      layout_gridville, dancing_weapons_uskayaw, lemuel_temple_firewalk_a,
          serial_shops, shop
D:5:      layout_loops_ring, serial_shops, shop
Temple:   compressed_dpeg_triangle_lava_temple

Skill      XL: |  1  2  3  4  5 |
---------------+----------------+-----
Fighting       | 1 |  1.1
Stealth        | 2 3 4 |  4.6
Evocations     | 3 |  3.0
Short Blades   | 1 2 |  2.8
Hexes          | 1 2 3 |  3.3
Spellcasting   | 1 2 |  2.0
Maces & Flails | |  0.9
Armour         | |  0.7
Dodging        | |  2.1
Ice Magic      | |  0.9

Action                   |  1- 3 |  4- 6 || total
-------------------------+-------+-------++-------
Melee: Club              |    27 |       ||    27
       Bite              |    24 |    20 ||    44
       Short sword       |    33 |       ||    33
       Dagger            |   128 |   169 ||   297
       Punch             |     4 |     2 ||     6
Throw: Stone             |       |     2 ||     2
 Cast: Ensorcelled Hiber |       |    15 ||    15
Evoke: Wand              |    10 |    13 ||    23
       Piece from Xom's  |       |     2 ||     2
  Use: Potion            |       |     3 ||     3
 Stab: Sleeping          |     5 |    14 ||    19
Armor: Leather armour    |    43 |    38 ||    81
       Skin              |       |     5 ||     5
Dodge: Dodged            |   126 |   114 ||   240
